 Dungeon Crawl Stone Soup version 0.19.1 (webtiles) character file.

107 Dfrag the Firebug (level 4, -1/30 HPs)
             Began as a Demonspawn Fire Elementalist on Nov 29, 2016.
             Slain by an orc
             ... wielding a +0 flail
              (6 damage)
             ... on level 3 of the Dungeon.
             The game lasted 00:03:25 (1927 turns).

Dfrag the Firebug (Demonspawn Fire Elementalist)    Turns: 1927, Time: 00:03:26

Health: -1/30      AC:  6    Str:  8    XL:     4   Next: 57%
Magic:  1/8        EV: 12    Int: 18    God:
Gold:   160        SH:  0    Dex: 13    Spells: 1 memorised, 8 levels left

rFire  + . .     SeeInvis .     w - +0 flail
rCold  . . .     Gourm    .     a - +0 robe
rNeg   . . .     Faith    .     (no shield)
rPois  .         Spirit   .     (no helmet)
rElec  .         Reflect  .     (no cloak)
rCorr  .         Harm     .     (no gloves)
MR     .....                    (no boots)
Stlth  ++........               (no amulet)
                                (no ring)
                                j - +4 ring of protection

@: lethally poisoned (-1 -> -2), very slightly contaminated
A: hooves 1, fire resistance 1
a: no special abilities


You were on level 3 of the Dungeon.
You were not hungry.

You visited 1 branch of the dungeon, and saw 3 of its levels.

You collected 160 gold pieces.

Inventory:

Hand Weapons
 w - a +0 flail (weapon)
Armour
 a - a +0 robe (worn)
Jewellery
 j - a +4 ring of protection (left hand)
Scrolls
 d - 7 scrolls of remove curse {unknown}
 e - a scroll of magic mapping {unknown}
 g - 2 scrolls of identify {unknown}
 i - 2 scrolls of enchant weapon {unknown}
 m - 2 scrolls of random uselessness {unknown}
 p - a scroll of enchant armour {unknown}
 s - a scroll of teleportation {unknown}
Potions
 k - 2 potions of cure mutation {unknown}
 l - a potion of invisibility {unknown}
 n - a potion of flight {unknown}
 o - a potion of heal wounds {unknown}
 q - a potion of curing {unknown}
 r - 2 potions of berserk rage {unknown}
 t - a potion of degeneration {unknown}
 u - a potion of might {unknown}
Books
 b - a book of Flames

   Spells                             Type                      Level
   a - Flame Tongue                   Conjuration/Fire             1
   b - Throw Flame                    Conjuration/Fire             2
   c - Conjure Flame                  Conjuration/Fire             3
   d - Inner Flame                    Hexes/Fire                   3
   e - Sticky Flame                   Conjuration/Fire             4
   f - Fireball                       Conjuration/Fire             5
Comestibles
 c - 3 bread rations
 f - 3 fruits
 h - a meat ration
 v - 3 chunks of flesh


   Skills:
 - Level 1.7 Dodging
 - Level 1.7 Stealth
 + Level 3.1 Spellcasting
 + Level 2.8 Conjurations
 + Level 3.3 Fire Magic


You had 8 spell levels left.
You knew the following spells:

 Your Spells              Type           Power        Failure   Level  Hunger
a - Flame Tongue          Conj/Fire      ##...        6%          1    None


Dungeon Overview and Level Annotations

Branches:
Dungeon (3/15)

Altars:


Innate Abilities, Weirdness & Mutations

You have large cloven feet.
Your flesh is heat resistant. (rF+)


Message History

The adder is almost dead.
The adder bites you but does no damage.
Casting: Flame Tongue
Confirm with . or Enter, or press ? or * to list all spells.
Aiming: Flame Tongue
Press: ? - help, Shift-Dir - straight line, f/p - adder
Aim: an adder (almost dead)
The flame tongue hits the adder.
You kill the adder!
You feel sick. The bat barely misses you.
Unknown command.
The bat closely misses you. The orc closely misses you.
You see here an adder corpse.
The bat hits you but does no damage.
The bat hits you but does no damage. x2; The orc hits you with a flail!
* * * LOW HITPOINT WARNING * * *
You see here an adder corpse.
You barely miss the orc.
You feel sick. The bat hits you but does no damage. x2
The bat barely misses you. The orc hits you with a flail.
You die...

...'............#
...#........#####
####)##.....#
#....##>...# #..[.# ..
##....############
.................#
####..........##.#
.....#.#.#.#.#.#@#.#.##
...............bo....<#
$....#.#.#.#.#.#[#.#.##
.....................
####.#.#.#.#.#.#.#.#.#
#..................#
#.#.#?#.#.#.#.#.#.##
#.........o.....!..#
#.#.#.#.#.#.#.#.#.##


You could see an orc and a bat.

Vanquished Creatures
  3 adders
  An ooze (D:2)
  2 worms
  2 dart slugs (D:2)
  11 orcs (D:3)
  2 bats (D:3)
  3 giant cockroaches
  5 goblins
  5 hobgoblins
  3 jackals (D:1)
  4 kobolds
  A quokka (D:2)
  A ball python (D:2)
  4 frilled lizards
  6 rats
53 creatures vanquished.

Notes
Turn   | Place    | Note
-------+----------+-------------------------------------------
     0 | D:1      | Dfrag the Demonspawn Fire Elementalist began the quest for the Orb.
     0 | D:1      | Reached XP level 1. HP: 13/13 MP: 3/3
   146 | D:1      | Gained mutation: Your flesh is heat resistant. (rF+) [demonic ancestry]
   146 | D:1      | Reached XP level 2. HP: 5/19 MP: 0/5
   751 | D:2      | Gained mutation: You have large cloven feet. [demonic ancestry]
   751 | D:2      | Reached XP level 3. HP: 17/24 MP: 1/6
  1395 | D:3      | Reached XP level 4. HP: 30/30 MP: 0/8
  1927 | D:3      | Slain by an orc

Skill      XL: |  1  2  3  4 |
---------------+-------------+-----
Conjurations   | 2 |  2.8
Fire Magic     | 3 |  3.3
Spellcasting   | 3 |  3.1
Dodging        | |  1.7
Stealth        | |  1.7

Action                   |  1- 3 |  4- 6 || total
-------------------------+-------+-------++-------
Melee: Unarmed           |    26 |    56 ||    82
       Kick              |     1 |    16 ||    17
       Flail             |       |    13 ||    13
 Cast: Flame Tongue      |    67 |    42 ||   109
  Eat: Chunk             |     1 |     3 ||     4
Armor: Robe              |    11 |    33 ||    44
Dodge: Dodged            |    31 |    56 ||    87
